 Dungeon Crawl Stone Soup version 0.27.1-33-g824d729ab1 (webtiles) character file.

Game seed: 2055383849323193028

39 garbled the Ducker (level 3, 0/17 HPs)
             Began as a Felid Monk on Dec 8, 2021.
             Slain by a goblin (3 damage)
             ... led by Robin
             ... on level 2 of the Dungeon.
             The game lasted 00:04:02 (1294 turns).

garbled the Ducker (Felid Monk)                     Turns: 1294, Time: 00:04:02

Health: 0/17       AC:  1    Str:  7    XL:     3   Next: 26%
Magic:  4/4        EV: 19    Int: 11    God:
Gold:   79         SH:  0    Dex: 19    Spells: 2/2 levels left
                                        Lives:  0   Deaths: 0

rFire    . . .     SeeInvis +     - Unarmed
rCold    . . .     Faith    .   (shield unavailable)
rNeg     . . .     Spirit   .   (armour unavailable)
rPois    .         Reflect  .   (helmet unavailable)
rElec    .         Harm     .   (cloak unavailable)
rCorr    .         Rampage  .   (gloves unavailable)
Will     .....                  (boots unavailable)
Stlth    +++.......             (no amulet)
HPRegen  0.05/turn              (no ring)
MPRegen  0.09/turn              (no ring)

@: quick
A: very small, claws 1, fangs 3, see invisible, speed 1, shaggy fur 1, stealthy
paws, no weapons or thrown items, no armour, multi-lived
a: no special abilities


You were on level 2 of the Dungeon.
You visited 1 branch of the dungeon, and saw 2 of its levels.

You collected 79 gold pieces.

Inventory:

Scrolls
 e - a scroll of summoning {unknown}
 g - a scroll of teleportation {unknown}
Potions
 a - a potion of haste {unknown}
 b - a potion of curing {unknown}
 c - a potion of heal wounds {unknown}
 d - a potion of invisibility {unknown}
 f - a potion of lignification {unknown}
 h - a potion of might {unknown}


   Skills:
 + Level 3.3 Fighting
 + Level 4.5 Dodging
 + Level 3.6 Stealth
 + Level 3.4 Unarmed Combat


You had 2 spell levels left.
You didn't know any spells.
Your spell library was empty.

Dungeon Overview and Level Annotations

Branches:
Dungeon (2/15)

Altars:

Shops:
D:1 (


Innate Abilities, Weirdness & Mutations

You have sharp claws.
You have razor-sharp teeth.
You have supernaturally acute eyesight. (SInv)
You cover ground quickly. (Speed+)
You are covered in fur. (AC +1)
Your paws help you pounce on unaware monsters.
You are incapable of wielding weapons or throwing items.
You cannot wear armour.
You gain extra lives every three experience levels.


Message History

You kill the goblin!
You have reached level 3!
Your experience leads to an increase in your attributes!
Increase (S)trength, (I)ntelligence, or (D)exterity?
You feel agile.
You scratch Robin.
Robin is moderately wounded.
Robin roars a battlecry!
You scratch Robin.
Robin is heavily wounded.
Robin barely misses you.
You barely miss Robin.
Robin is heavily wounded.
A goblin comes into view. It is wielding a +0 dagger.
Robin throws the goblin at you!
You scratch Robin.
Robin is severely wounded.
The goblin completely misses you. Robin hits you with a +0 dagger.
A goblin comes into view. It is wielding a +0 dagger.
You scratch Robin but do no damage.
Robin is severely wounded.
The goblin hits you with a +0 dagger.
* * * LOW HITPOINT WARNING * * *
You scratch Robin but do no damage.
Robin is severely wounded.
The goblin hits you with a +0 dagger.
* * * LOW HITPOINT WARNING * * *
Robin misses you.
You scratch Robin. You bite Robin, but do no damage.
Robin is almost dead.
The goblin misses you.
You scratch Robin.
You kill Robin!
The goblin hits you with a +0 dagger.
* * * LOW HITPOINT WARNING * * *
You claw the goblin!
You kill the goblin!
A goblin comes into view. It is wielding a +0 dagger.
The goblin hits you with a +0 dagger.
You die...

#
#####g#######
......<@g...#
#####.#####.#
# #.#
..#####.#####
#[..........#
#######.###.#
#.# #.#
########.#


You could see 2 goblins.

Vanquished Creatures
  Robin (D:2)
  3 ball pythons (D:1)
  2 endoplasms (D:1)
  4 giant cockroaches (D:1)
  5 goblins
  5 hobgoblins
  A kobold (D:1)
  3 bats (D:1)
24 creatures vanquished.

Notes
Turn   | Place    | Note
-------+----------+-------------------------------------------
     0 | D:1      | garbled the Felid Monk began the quest for the Orb.
     0 | D:1      | Reached XP level 1. HP: 10/10 MP: 2/2
   509 | D:1      | Reached XP level 2. HP: 10/14 MP: 3/3
   922 | D:1      | Found Qeudicer's Antique Weapon Emporium.
  1157 | D:1      | Found a faded altar of an unknown god.
  1284 | D:2      | Noticed Robin
  1286 | D:2      | Reached XP level 3. HP: 9/17 MP: 4/4
  1293 | D:2      | Killed Robin
  1294 | D:2      | Slain by a goblin

Illustrated notes

Levels and vault maps discovered:
D:1:      dpeg_arrival_another_circle, layout_rooms,
          shapermc_ecumenical_altar_venn, serial_shops, nicolae_square_shop,
          minivault_11
D:2:      layout_loops_ring, uniq_terence, uniq_robin

Skill      XL: |  1 |
---------------+----+-----
Stealth        | 3 |  3.6
Fighting       | |  3.3
Dodging        | |  4.5
Unarmed Combat | |  3.4

Action                   || total
-------------------------++-------
Melee: Unarmed           ||    73
       Bite              ||     2
       Punch             ||     1
 Stab: Sleeping          ||     2
Armor: Skin              ||     4
Dodge: Dodged            ||    60
